 Dungeon Crawl Stone Soup version 0.26-a0-648-g87339cca5e (webtiles) character file.

Game seed: 17229747091564292277

(classic levelgen) 476 EnegeticOcto the Chiller (level 6, -3/43 HPs)
             Began as a Mummy Wanderer on Sept 25, 2020.
             Was an Initiate of Ashenzari.
             Slain by an ogre
             ... wielding a +0 giant spiked club
              (18 damage)
             ... on level 4 of the Dungeon.
             The game lasted 00:05:55 (4269 turns).

EnegeticOcto the Chiller (Mummy Wanderer)           Turns: 4269, Time: 00:05:56

Health: -3/43      AC:  6    Str: 14    XL:     6   Next: 84%
Magic:  3/8        EV: 10    Int: 14    God:    Ashenzari [......]
Gold:   214        SH:  3    Dex: 12    Spells: 3/7 levels left

rFire    x . .     SeeInvis .   i - +0 spear
rCold    + . .     Faith    .   j - +0 buckler (curse)
rNeg     + + +     Spirit   .   d - +0 robe
rPois    ∞         Reflect  .   (no helmet)
rElec    .         Harm     .   (no cloak)
rCorr    .         Rampage  .   f - +0 pair of gloves
MR       .....                  h - +2 pair of boots
Stlth    ++........             (no amulet)
HPRegen  0.14/turn              (no ring)
MPRegen  0.11/turn              (no ring)

@: very slightly contaminated
A: no potions, fire vulnerability, cold resistance 1, negative energy resistance
3, torment resistance, unbreathing
a: Curse Item, Renounce Religion


You were on level 4 of the Dungeon.
You worshipped Ashenzari.
Ashenzari was noncommittal.
You visited 1 branch of the dungeon, and saw 4 of its levels.
You also visited: Sewer.

You collected 214 gold pieces.

Inventory:

Hand Weapons
 a - a +0 mace
 e - a +0 dagger
 i - a +0 spear (weapon)
Missiles
 n - a throwing net (quivered) {!f}
Armour
 d - a +0 robe (worn)
 f - a +0 pair of gloves (worn)
 h - a +2 pair of boots (worn)
 j - a cursed +0 buckler (worn)
Jewellery
 o - an uncursed amulet of guardian spirit
Scrolls
 b - a scroll of identify {@r1}
 c - 3 scrolls of teleportation {@r3 !r}
 g - 3 scrolls of amnesia
 k - a scroll of blinking {@r4}
 l - 2 scrolls of magic mapping {@r5 !r}


   Skills:
 - Level 1.0 Fighting
 - Level 1.0 Maces & Flails
 - Level 1.0 Armour
 - Level 1.5 Stealth
 - Level 1.3 Spellcasting
   Level 1.0 Transmutations
 + Level 6.5 Ice Magic


You had 3 spell levels left.
You knew the following spells:

 Your Spells              Type           Power        Failure   Level
a - Freeze                Ice            ###.         3%          1
b - Frozen Ramparts       Ice            ###...       9%          3

Your spell library contained the following spells:

 Spells                   Type           Power        Failure   Level
 Ozocubu's Armour         Ice            ###.....     9%          3
 Hailstorm                Conj/Ice       ##......     73%         4
 Summon Ice Beast         Ice/Summ       ##......     73%         4


Dungeon Overview and Level Annotations

Branches:
Dungeon (4/15)              Sewer (visited)
 Temple: D:4-7

Altars:
Ashenzari
Elyvilon
Fedhas
Kikubaaqudgha
Qazlal
Trog
Uskayaw


Innate Abilities, Weirdness & Mutations

You do not drink.
Your flesh is vulnerable to fire.
You are immune to poison.
Your flesh is cold resistant. (rC+)
You are immune to negative energy. (rN+++)
You are immune to unholy pain and torment.
You can survive without breathing.


Message History

You finish putting on your +0 buckler.
Curse which item? (1 remove curse scroll left) (Esc to abort) (? for menu, Esc to quit)
Your +0 buckler glows black for a moment.
Your shield hand is bound.
You are slightly bound.
b - 2 scrolls of identify {@r1} (gained 1)
As you read the scroll of identify {@r1}, it crumbles to dust.
k - a scroll of blinking
Found a blue potion.
Found a bloodstained altar of Trog.
You see here a blue potion.
An orc priest comes into view.
The orc priest shouts!
You hear a shout! x2
An orc and an orc wizard come into view.
The orc shouts!
An orc comes into view. It is wielding a +0 war axe.
The orc moves out of view.
Casting: Frozen Ramparts (dangerous; 10% risk of failure)
Confirm with . or Enter, or press ? or * to list all spells.
The walls around you are covered in ice.
The wall freezes the orc wizard.
You hit the orc wizard.
The orc wizard is lightly wounded.
The wall freezes the orc wizard.
The orc wizard hits you but does no damage.
The wall freezes the orc.
You kill the orc!
The wall freezes the orc priest.
The orc priest calls upon Beogh to heal the orc wizard.
The orc wizard's wounds heal themselves!
The wall freezes the orc.
You hit the orc priest.
The orc priest is moderately wounded.
The wall freezes the orc wizard.
The orc wizard mumbles some strange words.
The orc wizard seems to speed up.
The wall freezes the orc.
The wall freezes the orc priest.
The orc priest looks satisfied for a moment.
You hit the orc priest.
The orc priest is heavily wounded.
The wall freezes the orc wizard.
The orc wizard closely misses you.
The wall freezes the orc priest.
The orc priest hits you but does no damage.
The wall freezes the orc.
You kill the orc!
The wall freezes the orc wizard.
The orc wizard barely misses you.
You hit the orc priest.
The orc priest is severely wounded.
The wall freezes the orc wizard.
The orc wizard hits you but does no damage.
The wall freezes the orc priest.
The orc priest barely misses you.
An ogre comes into view. It is wielding a +0 giant spiked club.
You completely miss the orc priest.
The orc priest is almost dead.
The frozen ramparts melt away.
The ogre shouts!
The orc wizard hits you but does no damage.
The orc wizard barely misses you. You block the orc priest's attack.
You hit the orc priest.
You kill the orc priest!
The orc wizard closely misses you.
The orc wizard hits you but does no damage.
You closely miss the orc wizard.
The orc wizard is heavily wounded.
The orc wizard hits you but does no damage.
The orc wizard misses you.
You hit the orc wizard.
The orc wizard is severely wounded.
The orc wizard casts a spell at you. The puff of flame hits you!
The fire burns you terribly!
You hit the orc wizard.
The orc wizard is severely wounded.
The orc wizard barely misses you.
The orc wizard hits you with a +0 dagger.
You miss the orc wizard.
The orc wizard is severely wounded.
The orc wizard hits you but does no damage. x2
You hit the orc wizard.
The orc wizard is almost dead.
The ogre barely misses you.
The orc wizard points at you and mumbles some strange words.
The puff of frost misses you.
You hit the orc wizard.
You kill the orc wizard!
The ogre hits you with a +0 giant spiked club!
You are too injured to fight recklessly!
You are too injured to fight recklessly!
You are too injured to fight recklessly!
You are too injured to fight recklessly!
You are too injured to fight recklessly!
You are too injured to fight recklessly!
You are too injured to fight recklessly!
You are too injured to fight recklessly!
You are too injured to fight recklessly!
Casting: Frozen Ramparts (dangerous; 9% risk of failure)
Confirm with . or Enter, or press ? or * to list all spells.
You miscast Frozen Ramparts.
You are very lightly contaminated with residual magic.
Nothing appears to happen.
The ogre hits you with a +0 giant spiked club!!
You die...

### #### ..# ...
####.# ... ..#.#
##)##.#.# #####
#..#.))#.#.## #....
....._O@..!.# #.###
.#.#...#..#.# #.# #
##.##..#.# #.# #
.......#.# #.# #
###.....#.########.#
#
...#####..........#
# ##. ############ #
# #### ########...


You could see an ogre.

Vanquished Creatures
  A bullfrog (D:2)
  A big kobold (Sewer)
  A hound (D:2)
  An orc priest (D:4)
  2 orc wizards
  A worker ant zombie (D:3)
  3 gnolls (D:3)
  2 river rats (Sewer)
  6 adders
  An ooze (D:4)
  5 worms
  A dart slug (D:1)
  A leopard gecko (D:3)
  6 orcs
  2 ball pythons
  6 bats
  6 giant cockroaches
  11 goblins
  7 hobgoblins
  2 quokkas (D:2)
  5 frilled lizards
  13 kobolds
  12 rats
96 creatures vanquished.

Notes
Turn   | Place    | Note
-------+----------+-------------------------------------------
     0 | D:1      | EnegeticOcto the Mummy Wanderer began the quest for the
                  | Orb.
     0 | D:1      | EnegeticOcto set off with the following items: a +0 mace, a
                  | scroll of teleportation {@r3 !r}, a +0 robe, a +0 dagger;
                  | and the following spell memorised: Freeze; and the
                  | following spells available to memorise: Frozen Ramparts,
                  | Ozocubu's Armour, Hailstorm, Summon Ice Beast
     0 | D:1      | Reached XP level 1. HP: 15/15 MP: 2/2
   558 | D:1      | Reached skill level 3 in Ice Magic
   558 | D:1      | Reached XP level 2. HP: 21/21 MP: 2/4
  1480 | D:2      | Found an ancient bone altar of Kikubaaqudgha.
  1494 | D:2      | Reached XP level 3. HP: 3/26 MP: 0/5
  1875 | D:2      | Reached skill level 4 in Ice Magic
  1976 | D:2      | Reached XP level 4. HP: 32/32 MP: 0/6
  2066 | D:2      | Noticed a bullfrog
  2072 | D:2      | Learned a level 3 spell: Frozen Ramparts
  2082 | D:2      | Killed a bullfrog
  2191 | D:2      | Reached XP level 5. HP: 34/37 MP: 7/7
  2378 | D:2      | Found a broken altar of Ashenzari.
  2776 | D:3      | Reached skill level 5 in Ice Magic
  2947 | D:3      | Found a white marble altar of Elyvilon.
  2951 | D:3      | Found a hide-covered altar of Uskayaw.
  2952 | D:3      | Found a blossoming altar of Fedhas.
  3161 | D:3      | Found a stormy altar of Qazlal.
  3376 | D:3      | Reached XP level 6. HP: 23/43 MP: 1/8
  3892 | D:4      | Found a glowing drain.
  3915 | Sewer    | Entered a sewer
  4008 | Sewer    | Reached skill level 6 in Ice Magic
  4044 | Sewer    | Found a white marble altar of Elyvilon.
  4110 | D:4      | Found a broken altar of Ashenzari.
  4179 | D:4      | Became a worshipper of Ashenzari the Shackled
  4251 | D:4      | Found a bloodstained altar of Trog.
  4269 | D:4      | Slain by an ogre

Illustrated notes

Levels and vault maps discovered:
D:1:      shiori_arrival_maze, layout_basic
D:2:      layout_loops_cross, old_standard_altar, overflow_temple_1_default,
          nrook_loot_triangle
D:3:      layout_basic, grunt_qazlal_clouds, minitemple,
          chequers_serial_rivers_small_b
D:4:      layout_basic, lemuel_coloured_pillars_altar,
          nicolae_overflow_crystal_walls, gup_sewer_entry_glass,
          cheibrodos_ashenzari_chains

Skill      XL: |  1  2  3  4  5  6 |
---------------+-------------------+-----
Ice Magic      | 3 4 5 6 |  6.5
Fighting       | |  1.0
Maces & Flails | |  1.0
Armour         | |  1.0
Stealth        | |  1.5
Spellcasting   | |  1.3
Transmutations | |  1.0

Action                   |  1- 3 |  4- 6 || total
-------------------------+-------+-------++-------
Melee: Mace              |     7 |       ||     7
       Spear             |    10 |   170 ||   180
 Cast: Freeze            |    52 |    24 ||    76
       Frozen Ramparts   |       |    13 ||    13
Invok: Curse Item        |       |     1 ||     1
  Use: Scroll            |     1 |     4 ||     5
 Stab: Sleeping          |       |     7 ||     7
Armor: Robe              |    19 |    64 ||    83
Dodge: Dodged            |    34 |   103 ||   137
Block: Buckler           |       |     1 ||     1

Table legend: (Time is in decaauts)
 A = Elapsed time spent in this place.
 B = Non-inter-level travel time spent in this place.
 C = Inter-level travel time spent in this place.
 D = Time resting spent in this place.
 E = Time spent auto-exploring this place.
 F = Levels seen in this place.
 G = Mean time per level.
                   A        B        C        D        E       F      G
               +--------+--------+--------+--------+--------+-----+--------+
         Total |   4311 |   4165 |    146 |     74 |   3322 |   5 |  862.2 |
       Dungeon |   4125 |   3979 |    146 |     74 |   3175 |   4 | 1031.2 |
         Sewer |    186 |    186 |      0 |      0 |    147 |   1 |  186.0 |
               +--------+--------+--------+--------+--------+-----+--------+

Top non-repeatable levels by time:
     D:1: 1381 daAuts
     D:2: 1375 daAuts
     D:3: 1108 daAuts
     D:4: 260 daAuts
   Sewer: 186 daAuts
